 Dungeon Crawl Stone Soup version 0.30.0-29-ga12c61a403 (webtiles) character file.

Game seed: 9794507351077185934

83 monsoonserge the Magician (level 4, -1/31 HPs)
             Began as a Djinni Venom Mage on June 24, 2023.
             Slain by a cerulean imp
             ... wielding a +2 spear
             ... summoned by Natasha
              (4 damage)
             ... on level 2 of the Dungeon.
             The game lasted 00:04:51 (1160 turns).

monsoonserge the Magician (Djinni Venom Mage)       Turns: 1160, Time: 00:04:53

Health: -1/31      AC:  2    Str:  7    XL:     4   Next: 71%
Gold:   102        EV: 12    Int: 18    God:
                   SH:  0    Dex: 14

rFire   + + .        c - +0 short sword
rCold   x . .        (no shield)
rNeg    . . .        a - +0 robe
rPois   ∞            (no helmet)
rElec   .            (no cloak)
rCorr   .            (no gloves)
SInv    .            (boots unavailable)
Will    .....        (no amulet)
Stlth   ++           (no ring)
HPRegen 0.25/turn    (no ring)
MPRegen 0.00/turn

%: infuse magic (-2 HP)
@: flying, slowed, very slow
A: sickness immunity, fire resistance 2, cold vulnerability 1, float, innate
caster, HP casting, extra vitality 1
a: no special abilities


You were on level 2 of the Dungeon.
You visited 1 branch of the dungeon, and saw 2 of its levels.

You collected 102 gold pieces.

Inventory:

Hand Weapons
 b - a +0 whip
 c - a +0 short sword (weapon)
Armour
 a - a +0 robe (worn)
 i - a +0 scale mail
Scrolls
 d - 2 scrolls of teleportation {unknown}
 f - a scroll of immolation {unknown}
 h - a scroll of amnesia {unknown}
 k - a scroll of poison {unknown}
 l - a scroll of torment {unknown}
 m - 2 scrolls of identify {unknown}
Potions
 e - 2 potions of curing {unknown}
 g - 2 potions of heal wounds {unknown}
 j - a potion of ambrosia {unknown}
 n - a potion of lignification {unknown}


   Skills:
 + Level 0.3 Short Blades
 + Level 2.4 Dodging
 + Level 1.7 Stealth
 * Level 3.8 Spellcasting


You knew the following spells:

 Your Spells              Type           Power      Damage    Failure   Level
a - Sting                 Tmut/Pois      68%        1d6       3%          1
b - Poisonous Vapours     Pois/Air       34%        N/A       4%          2
c - Mephitic Cloud        Conj/Pois/Air  17%        N/A       10%         3
d - Olgreb's Toxic Radia  Pois           17%        N/A       30%         4
e - Kiss of Death         Conj/Necr      68%        2d10      3%          1
Your spell library was empty.

Dungeon Overview and Level Annotations

Branches:
Dungeon (2/15)

Altars:

Annotations:
D:2 Natasha


Innate Abilities, Weirdness & Mutations

You are immune to sickness and miasma.
You are immune to poison.
Your flesh is very heat resistant. (rF++)
You are vulnerable to cold. (rC-)
You float through the air rather than walking.
You learn spells naturally, not from books.
Your magical power is your life essence.
You have superior vitality. (+4 MHP)


Message History

Aim: Natasha (67% to hit)
The sting hits Natasha.
Natasha is poisoned.
Natasha is lightly wounded.
* * * LOW HITPOINT WARNING * * *
Natasha casts a spell.
Casting: Sting (safe; 3% risk of failure)
Confirm with . or Enter, or press ? or * to list all spells.
The spell is quite dangerous to miscast (10% risk of failure)!
Continue anyway? [Y]es or [N]o only, please.
The spell is quite dangerous to miscast (10% risk of failure)!
Continue anyway?
Okay, then.
Unknown command.
Casting: Mephitic Cloud (quite dangerous; 10% risk of failure)
Confirm with . or Enter, or press ? or * to list all spells.
The spell is quite dangerous to miscast (10% risk of failure)!
Continue anyway? [Y]es or [N]o only, please.
The spell is quite dangerous to miscast (10% risk of failure)!
Continue anyway?
Okay, then.
Casting: Mephitic Cloud (quite dangerous; 10% risk of failure)
Confirm with . or Enter, or press ? or * to list all spells.
The spell is quite dangerous to miscast (10% risk of failure)!
Continue anyway?
Aiming: Mephitic Cloud (quite dangerous; 10% risk of failure)
Press: ? - help, Shift-Dir - straight line, p - Natasha The ball explodes into a vile cloud!
The stinking cloud engulfs Natasha but does no damage.
Natasha is moderately wounded.
The stinking cloud engulfs the cerulean imp but does no damage.
* * * LOW HITPOINT WARNING * * *
Natasha is engulfed in noxious fumes.
Natasha appears confused.
The cerulean imp barely misses you.
Natasha is engulfed in noxious fumes.
Natasha appears confused.
You see here a +0 whip.
You hit Natasha but do no damage.
Natasha is moderately wounded.
Natasha looks more healthy.
Natasha closely misses the cerulean imp.
The cerulean imp hits you from afar with a +2 spear.
* * * LOW HITPOINT WARNING * * *
The cerulean imp hits you from afar with a +2 spear.
You die...

...................
....h.............).
....................
........÷...........
#.#....>.........##.
#.##.....#......## .
#.######....##### .
#.####...#.##
#.#####..@.5°##..#
#.....<.###h....##
#######[# #.#####
#.# ... #.###### ###


You could see Natasha (confused) and a cerulean imp (summoned).

Vanquished Creatures
  Natasha (D:2)
  An adder (D:2)
  A worm (D:2)
  2 dart slugs
  5 endoplasms
  A giant cockroach (D:2)
  3 goblins
  2 hobgoblins (D:1)
  2 jackals (D:1)
  3 quokkas
  4 ball pythons
  4 bats
  A frilled lizard (D:2)
  8 kobolds
  3 rats
41 creatures vanquished.

Notes
Turn   | Place    | Note
-------+----------+-------------------------------------------
     0 | D:1      | monsoonserge the Djinni Venom Mage began the quest for the
                  | Orb.
     0 | D:1      | monsoonserge set off with the following spells memorised:
                  | Sting, Poisonous Vapours, Mephitic Cloud, Olgreb's Toxic
                  | Radiance.
     0 | D:1      | Reached XP level 1. HP: 15/15 MP: 0/0
    94 | D:1      | Reached XP level 2. HP: 10/21 MP: 0/0
   393 | D:1      | Reached skill level 3 in Spellcasting
   605 | D:1      | Reached XP level 3. HP: 21/25 MP: 0/0
   605 | D:1      | Learned a level 1 spell: Kiss of Death
   913 | D:2      | Reached XP level 4. HP: 22/31 MP: 0/0
  1078 | D:2      | Found a faded altar of an unknown god.
  1124 | D:2      | Noticed Natasha
  1139 | D:2      | Killed Natasha
  1151 | D:2      | Noticed Natasha
  1160 | D:2      | Slain by a cerulean imp

Illustrated notes

Levels and vault maps discovered:
D:1:      grunt_arrival_crossed_arrows, layout_basic, amcnicky_mini_pool_small
D:2:      layout_rooms, shapermc_ecumenical_altar_gd, uniq_natasha

Skill      XL: |  1  2 |
---------------+-------+-----
Spellcasting   | 3 |  3.8
Short Blades   | |  0.3
Dodging        | |  2.4
Stealth        | |  1.7

Action                     |  1- 3 |  4- 6 || total
---------------------------+-------+-------++-------
  Melee: Unarmed           |     3 |       ||     3
         Short sword       |    37 |     7 ||    44
   Cast: Sting             |    49 |    16 ||    65
         Mephitic Cloud    |       |     1 ||     1
         Poisonous Vapours |       |     1 ||     1
   Stab: Sleeping          |     1 |       ||     1
 Armour: Robe              |     8 |     3 ||    11
  Dodge: Dodged            |    34 |     8 ||    42
